 Dungeon Sprint DCSS version 0.24-a0-458-gfcb5e6da0e (webtiles) character file.

Game seed: 3281217859748676027

12100000 epen the Conqueror (level 27, -5/323 HPs)
             Began as a Demonspawn Monk on June 26, 2019.
             Was the Champion of Makhleb.
             Killed by divine providence
             ... invoked by an observer
              (11 damage)
             ... in the Dungeon (Sprint VIII: "Arena of Blood").
             The game lasted 00:03:10 (121 turns).

epen the Conqueror (Demonspawn Monk)                 Turns: 121, Time: 00:03:11

Health: -5/323     AC:  8    Str: 22    XL:     27
Magic:  41/54      EV: 33    Int: 13    God:    Makhleb [******]
Gold:   0          SH:  0    Dex: 17    Spells: 80/80 levels left

rFire    + . .     SeeInvis .   j - +∞ Axe of Woe
rCold    . . .     Gourm    .   (shield currently unavailable)
rNeg     . . .     Faith    .   b - +0 robe
rPois    .         Spirit   .   (no helmet)
rElec    .         Reflect  .   (no cloak)
rCorr    .         Harm     .   (no gloves)
MR       ++...     NoTele   +   (boots unavailable)
Stlth    +++++++++.             (no amulet)
HPRegen  0.63/turn              (no ring)
MPRegen  0.34/turn              (no ring)

@: lethally poisoned (-5 -> -36)
A: talons 3, molten scales 3, demonic guardian 3, foul stench 2, robust 3, rot
immunity
a: Minor Destruction, Lesser Servant of Makhleb, Major Destruction, Greater
Servant of Makhleb, Renounce Religion


You were in the Dungeon.
You worshipped Makhleb.
Makhleb was exalted by your worship.
You were not hungry.

You visited 1 branch

Inventory:

Hand Weapons
 a - a +0 hand axe
 j - the +∞ Axe of Woe (weapon)
   (You found it in the Dungeon)
Armour
 b - a +0 robe (worn)
Scrolls
 i - a scroll of blinking
Potions
 d - a potion of curing
 e - a potion of heal wounds
 f - a potion of haste
 g - 2 potions of magic
 h - a potion of berserk rage
Comestibles
 c - a ration


   Skills:
 O Level 27 Fighting
 O Level 27 Axes
 O Level 27 Throwing
 O Level 27 Armour
 O Level 27 Dodging
 O Level 27 Stealth
 O Level 27 Unarmed Combat
 O Level 27 Spellcasting
 O Level 27 Invocations


You had 80 spell levels left.
You didn't know any spells.
Your spell library was empty.

Dungeon Overview and Level Annotations

Branches:
Dungeon (1/1)

Altars:
Makhleb

Annotations:
D The Defiler


Innate Abilities, Weirdness & Mutations

You have claws for feet.
You are completely covered in molten scales. (AC +4, rF+)
A powerful demonic guardian rushes to your aid.
You frequently emit foul miasma when damaged in melee.
You are extremely robust. (+30% HP)
You are immune to rotting.


Message History

The scourge convulses! x2; The meat berserker convulses!
The destroyer blinks!
An eight-headed meat hydra comes into view.
The meat berserker is engulfed in blazing flames.
The meat berserker dies! 4 crawling corpses come into view.
You hit the crawling corpse.
You cleave the crawling corpse in twain.
You destroy the crawling corpse!
You slash the crawling corpse!
You cleave the crawling corpse in twain.
You destroy the crawling corpse!
You slash the crawling corpse!
You hew the crawling corpse savagely.
You destroy the crawling corpse!
You are engulfed in blazing flames.
You resist.
* * * LOW HITPOINT WARNING * * *
x2 You feel very sick.
The meat beast squeals, "Get thee hence whilst life thou hast!"
You hear a shout!
You feel something staring at you. Something smites you!
You die... . #... ..# ..###... ..%###MVo ......###.....W.. ....._....2.O.. #))..%# D@oo.

. #○☼○†_#O.OW..
...S#D)2){#Oz.Vo.
#....%.V○_)2)2.....
..%o.%..##§@§VxS.S.
%..###.Voo§§§###.V.
.z #XXzO§§§#


#{OL.oOo# .DS.Dxoooo LX.XMpo.... .S.oX...... .XXL..M..D## You could see 3
accurseds, 3 meat beasts, 3 tyrants, 5 eight-headed meat hydras, 6 destroyers, 5
scourges, a fleshlord, 2 sculptors of flesh, 3 large bags of meat, 7 large
abominations, The Defiler, 2 dreads, 4 meat berserkers, 14 bags of meat, 2
crawling corpses and a friendly reaper.

Vanquished Creatures
  9 hell beasts (D)
  2 greater mummies (D)
  2 wraiths (D)
  15 vampire knights (D)
  24 ogres (D)
  4 two-headed ogres (D)
  2 liches (D)
  2 hydras (D)
  34 orcs (D)
  5 phantoms (D)
  6 skeletal warriors (D)
  2 sea snakes (D)
  5 large abominations (D)
  4 small abominations (D)
  9 crawling corpses (D)
125 creatures vanquished.

Vanquished Creatures (collateral kills)
  A hydra (D)
  An orc (D)
2 creatures vanquished.

Vanquished Creatures (others)
  3 ogres (D)
  A crawling corpse (D)
4 creatures vanquished.

Grand Total: 131 creatures vanquished

Notes
Turn   | Place    | Note
-------+----------+-------------------------------------------
     0 | D        | Found the +∞ Axe of Woe
     0 | D        | epen the Demonspawn Monk began the quest for the Orb.
     0 | D        | Reached XP level 1. HP: 18/18 MP: 1/1
     1 | D        | Noticed a bag of meat
     2 | D        | Noticed a meat berserker
     4 | D        | Became a worshipper of Makhleb the Destroyer
     4 | D        | Reached * piety under Makhleb
     4 | D        | Reached ** piety under Makhleb
     4 | D        | Noticed a bag of meat
     5 | D        | Noticed a bag of meat
     7 | D        | Killed a bag of meat
     7 | D        | Reached skill level 15 in Axes
     7 | D        | Reached skill level 15 in Dodging
     7 | D        | Gained mutation: You are partially covered in molten
                  | scales. (AC +2) [demonic ancestry]
     7 | D        | Reached XP level 2. HP: 45/45 MP: 2/2
     7 | D        | Reached XP level 3. HP: 51/51 MP: 3/3
     7 | D        | Reached XP level 4. HP: 58/58 MP: 4/4
     7 | D        | Gained mutation: A weak demonic guardian rushes to your
                  | aid. [demonic ancestry]
     7 | D        | Reached XP level 5. HP: 64/64 MP: 5/5
     7 | D        | Reached XP level 6. HP: 71/71 MP: 6/6
     7 | D        | Reached XP level 7. HP: 78/78 MP: 7/7
     7 | D        | Gained mutation: You are immune to rotting. [demonic
                  | ancestry]
     7 | D        | Reached XP level 8. HP: 85/85 MP: 8/8
     7 | D        | Gained mutation: You are mostly covered in molten scales.
                  | (AC +3) [demonic ancestry]
     7 | D        | Reached XP level 9. HP: 91/91 MP: 9/9
     7 | D        | Gained mutation: You have sharp toenails. [demonic
                  | ancestry]
     7 | D        | Reached XP level 10. HP: 98/98 MP: 10/10
     7 | D        | Gained mutation: You may emit foul miasma when damaged in
                  | melee. [demonic ancestry]
     7 | D        | Reached XP level 11. HP: 104/104 MP: 11/11
     8 | D        | Killed a meat berserker
     8 | D        | Gained mutation: You have razor-sharp toenails. [demonic
                  | ancestry]
     8 | D        | Reached XP level 12. HP: 121/121 MP: 12/12
     8 | D        | Gained mutation: You are robust. (+10% HP) [demonic
                  | ancestry]
     8 | D        | Reached XP level 13. HP: 121/139 MP: 13/13
     8 | D        | Noticed a meat berserker
     9 | D        | Killed a bag of meat
     9 | D        | Gained mutation: You have claws for feet. [demonic
                  | ancestry]
     9 | D        | Reached XP level 14. HP: 151/151 MP: 14/14
    10 | D        | Noticed a bag of meat
    10 | D        | Noticed a bag of meat
    11 | D        | Noticed a meat berserker
    12 | D        | Killed a bag of meat
    12 | D        | Reached *** piety under Makhleb
    13 | D        | Killed a bag of meat
    13 | D        | Reached XP level 15. HP: 163/163 MP: 15/15
    13 | D        | Reached skill level 10 in Stealth
    13 | D        | Killed a meat berserker
    13 | D        | Reached **** piety under Makhleb
    13 | D        | Reached XP level 16. HP: 180/180 MP: 16/16
    15 | D        | Killed a meat berserker
    15 | D        | Reached skill level 27 in Fighting
    19 | D        | Reached skill level 27 in Axes
    19 | D        | Gained mutation: You are very robust. (+20% HP) [demonic
                  | ancestry]
    19 | D        | Reached XP level 17. HP: 183/208 MP: 17/17
    20 | D        | Noticed a destroyer
    22 | D        | Noticed a meat berserker
    25 | D        | Noticed a destroyer
    26 | D        | Reached skill level 27 in Dodging
    26 | D        | Killed a meat berserker
    26 | D        | Reached ***** piety under Makhleb
    27 | D        | Noticed a destroyer
    28 | D        | Noticed a large bag of meat
    30 | D        | Noticed a destroyer
    31 | D        | Killed a destroyer
    31 | D        | Reached skill level 27 in Stealth
    31 | D        | Gained mutation: A demonic guardian rushes to your aid.
                  | [demonic ancestry]
    31 | D        | Reached XP level 18. HP: 218/218 MP: 18/18
    32 | D        | Killed a destroyer
    32 | D        | Reached XP level 19. HP: 226/226 MP: 18/35
    32 | D        | Noticed a meat berserker
    33 | D        | Noticed a meat berserker
    34 | D        | Killed a destroyer
    34 | D        | Reached skill level 15 in Throwing
    34 | D        | Reached skill level 15 in Armour
    34 | D        | Reached skill level 15 in Unarmed Combat
    34 | D        | Reached skill level 15 in Spellcasting
    34 | D        | Noticed a meat berserker
    35 | D        | Gained mutation: You are completely covered in molten
                  | scales. (AC +4, rF+) [demonic ancestry]
    35 | D        | Reached XP level 20. HP: 236/236 MP: 18/41
    36 | D        | Noticed a destroyer
    37 | D        | Noticed a destroyer
    37 | D        | Noticed a destroyer
    38 | D        | Killed a large bag of meat
    38 | D        | Killed a meat berserker
    38 | D        | Reached skill level 27 in Invocations
    38 | D        | Killed a destroyer
    38 | D        | Reached ****** piety under Makhleb
    38 | D        | Reached XP level 21. HP: 230/244 MP: 19/47
    38 | D        | Noticed a destroyer
    41 | D        | Killed a destroyer
    41 | D        | Reached XP level 22. HP: 254/254 MP: 20/52
    42 | D        | Killed a destroyer
    42 | D        | Reached skill level 27 in Throwing
    42 | D        | Reached skill level 27 in Armour
    42 | D        | Reached skill level 27 in Unarmed Combat
    42 | D        | Reached skill level 27 in Spellcasting
    43 | D        | Killed a destroyer
    43 | D        | Gained mutation: You frequently emit foul miasma when
                  | damaged in melee. [demonic ancestry]
    43 | D        | Reached XP level 23. HP: 262/262 MP: 20/54
    45 | D        | Noticed a destroyer
    50 | D        | Killed a destroyer
    50 | D        | Gained mutation: A powerful demonic guardian rushes to your
                  | aid. [demonic ancestry]
    50 | D        | Reached XP level 24. HP: 272/272 MP: 22/54
    53 | D        | Noticed a tyrant
    54 | D        | Noticed an accursed
    56 | D        | Killed a tyrant
    58 | D        | Reached XP level 25. HP: 280/280 MP: 24/54
    59 | D        | Noticed a large bag of meat
    59 | D        | Noticed a destroyer
    62 | D        | Noticed a destroyer
    63 | D        | Noticed a meat beast
    63 | D        | Noticed a dread
    64 | D        | Noticed a tyrant
    65 | D        | Noticed a dread
    65 | D        | Killed a destroyer
    66 | D        | Killed a meat beast
    66 | D        | Gained mutation: You are extremely robust. (+30% HP)
                  | [demonic ancestry]
    66 | D        | Reached XP level 26. HP: 280/314 MP: 26/54
    67 | D        | Killed a dread
    67 | D        | Reached XP level 27. HP: 237/323 MP: 27/54
    69 | D        | Killed a large bag of meat
    70 | D        | Killed an accursed
    70 | D        | Noticed a destroyer
    70 | D        | Noticed a destroyer
    73 | D        | Noticed a meat beast
    73 | D        | Killed a tyrant
    73 | D        | Killed a destroyer
    74 | D        | Killed a destroyer
    75 | D        | Killed a meat beast
    75 | D        | Killed a dread
    79 | D        | Noticed a meat beast
    82 | D        | Killed a destroyer
    83 | D        | Noticed an accursed
    83 | D        | Noticed a large bag of meat
    84 | D        | Killed a meat beast
    84 | D        | Noticed a meat beast
    86 | D        | Noticed a meat beast
    86 | D        | HP: 5/323 [??? (3)]
    88 | D        | Killed a meat beast
    90 | D        | Killed a meat beast
    90 | D        | Noticed a meat beast
    90 | D        | Noticed a meat beast
    95 | D        | Killed a meat beast
    97 | D        | Killed a meat beast
    97 | D        | Noticed a meat beast
    99 | D        | Noticed a tyrant
   102 | D        | Killed a large bag of meat
   102 | D        | Killed a meat beast
   102 | D        | Noticed a meat beast
   103 | D        | Noticed a destroyer
   108 | D        | Killed an accursed
   109 | D        | Killed a meat beast
   110 | D        | Killed a destroyer
   112 | D        | Noticed a large bag of meat
   112 | D        | Noticed a large bag of meat
   112 | D        | Noticed a destroyer
   112 | D        | Noticed a destroyer
   112 | D        | Noticed an accursed
   112 | D        | Noticed a destroyer
   112 | D        | Noticed The Defiler
   113 | D        | Noticed a large bag of meat
   113 | D        | Noticed a destroyer
   113 | D        | Noticed a meat beast
   113 | D        | Noticed a large bag of meat
   113 | D        | Noticed a meat beast
   114 | D        | Killed a destroyer
   114 | D        | Noticed a meat beast
   115 | D        | Noticed a destroyer
   115 | D        | Noticed a dread
   116 | D        | HP: 1/323 [scourge/bolt of poison (41)]
   116 | D        | Noticed a dread
   117 | D        | Killed a destroyer
   117 | D        | Noticed a tyrant
   118 | D        | Noticed an accursed
   118 | D        | Noticed a tyrant
   119 | D        | Killed a large bag of meat
   119 | D        | Noticed a fleshlord
   119 | D        | Noticed a destroyer
   119 | D        | Noticed a destroyer
   120 | D        | Noticed a destroyer
   120 | D        | Noticed an accursed
   121 | D        | HP: 8/323 [something (8)]
   121 | D        | Killed from afar by an observer

Levels and vault maps discovered:
D:        meatsprint

Skill      XL: |  1  2  3  4  5  6  7  8  9 10 11 12 13 14 15 16 17 18 19 20 21 22 |
---------------+-------------------------------------------------------------------+-----
Fighting       | 16 20 21 23 25 27 | 27.0
Axes           | 15 19 20 22 25 27 | 27.0
Dodging        | 15 18 19 21 23 26 27 | 27.0
Stealth        | 6 8 9 11 12 27 | 27.0
Throwing       | 12 17 22 26 27 | 27.0
Armour         | 12 17 22 26 27 | 27.0
Unarmed Combat | 12 17 22 26 27 | 27.0
Spellcasting   | 12 17 22 26 27 | 27.0
Invocations    | 16 22 27 | 27.0

Action                   |  1- 3 |  4- 6 |  7- 9 | 10-12 | 13-15 | 16-18 | 19-21 | 22-24 | 25-27 || total
-------------------------+-------+-------+-------+-------+-------+-------+-------+-------+-------++-------
Melee: Executioner's axe |     1 |       |       |     1 |     3 |     5 |     6 |    11 |    46 ||    73
Invok: Greater Servant o |       |       |       |       |       |       |       |       |     1 ||     1
 Stab: Distracted        |       |       |       |       |       |       |       |       |     1 ||     1
Armor: Robe              |       |       |       |       |       |       |     1 |       |     1 ||     2
Dodge: Dodged            |       |       |       |       |       |       |       |       |     8 ||     8

Table legend:
 A = Non-vault XP
 B = Vault XP
 C = Vault XP percentage of total XP
 D = Non-vault monster count
 E = Vault monster count
 F = Vault count percentage of total count
                 A         B        C        D         E       F
            +---------+---------+-------+---------+---------+-------
      Total | 3216838 |  509148 |  13.7 |      79 |      39 |  33.1
            +---------+---------+-------+---------+---------+-------
          D | 3216838 |  509148 |  13.7 |      79 |      39 |  33.1
            +---------+---------+-------+---------+---------+-------
